 Dungeon Crawl Stone Soup version 0.20-b1-2-gc5a9893 (webtiles) character file.

172 KeyserSoze the Covert (level 5, -7/26 HPs)
             Began as a Spriggan Assassin on May 22, 2017.
             Killed by divine providence
             ... invoked by an orc priest
              (16 damage)
             ... on level 4 of the Dungeon.
             The game lasted 00:22:00 (4216 turns).

KeyserSoze the Covert (Spriggan Assassin)           Turns: 4216, Time: 00:22:01

Health: -7/26      AC:  4    Str:  9    XL:     5   Next: 27%
Magic:  6/6        EV: 17    Int: 13    God:
Gold:   40         SH:  5    Dex: 18    Spells: 4/4 levels left

rFire    . . .     SeeInvis +   b - +0 blowgun
rCold    . . .     Gourm    .   s - +0 buckler
rNeg     . . .     Faith    .   i - +0 robe
rPois    +         Spirit   .   (helmet restricted)
rElec    .         Reflect  .   k - +1 cloak {rPois}
rCorr    .         Harm     .   (gloves unavailable)
MR       .....     Rnd*Tele +   (boots unavailable)
Stlth    ++++......             (no amulet)
Regen    0.1/turn               m - +2 ring of strength (curse)
MPRegen  0.1/turn               o - ring of teleportation (curse)

@: very quick
A: unfitting armour, see invisible, herbivore 3, speed 3, slow metabolism 2
a: no special abilities


You were on level 4 of the Dungeon.
You were hungry.

You visited 1 branch of the dungeon, and saw 4 of its levels.

You collected 188 gold pieces.
You spent 148 gold pieces at shops.

Inventory:

Hand Weapons
 a - a +2 dagger
 b - a +0 blowgun (weapon)
Missiles
 e - 25 poisoned needles (quivered)
 h - 5 tomahawks
Armour
 d - a +1 cloak
 i - a +0 robe (worn)
 k - a +1 cloak of poison resistance (worn)
 s - a +0 buckler (worn)
Jewellery
 j - an uncursed ring of positive energy
 m - a cursed +2 ring of strength (left hand)
 o - a cursed ring of teleportation (right hand)
 t - a +1 ring of protection {unknown}
Scrolls
 f - 4 scrolls of fog
 l - a scroll of identify
 n - 2 scrolls of teleportation
 r - a scroll of random uselessness {unknown}
 v - a scroll of blinking {unknown}
Potions
 q - a potion of resistance {unknown}
 u - a potion of agility {unknown}
Comestibles
 c - a fruit
 g - 5 bread rations
 p - 2 royal jellies


   Skills:
 + Level 2.1 Fighting
 * Level 3.2 Short Blades
 + Level 2.5 Throwing
 * Level 2.7 Dodging
 + Level 8.2 Stealth


You had 4 spell levels left.
You didn't know any spells.

Dungeon Overview and Level Annotations

Branches:
Dungeon (4/15)
 Temple: D:4-7

Altars:
Gozag
Vehumet

Shops:
D:4 [


Innate Abilities, Weirdness & Mutations

You are very small and have problems with some larger weapons.
You are too small for most types of armour.
You have supernaturally acute eyesight. (SInv)
You are a herbivore.
You cover ground extremely quickly.
You need consume almost no food.


Message History

Press: ? - help, Shift-Dir - straight line, f/p - orc priest
Aim: an orc priest, wielding a club (moderately wounded, poisoned)
You shoot a poisoned needle.
The poisoned needle hits the orc priest.
The orc priest looks as sick as possible!
The orc priest is moderately wounded.
The orc priest invokes the aid of Beogh against you.
Beogh smites you!
Firing (i - inventory. (,) - cycle):
e - 26 poisoned needles (quivered)
Press: ? - help, Shift-Dir - straight line, f/p - orc priest
Aim: an orc priest, wielding a club (heavily wounded, poisoned)
You shoot a poisoned needle.
The poisoned needle barely misses the orc priest.
The poisoned needle hits the orc priest!
The orc priest looks even sicker.
The orc priest is heavily wounded.
The orc priest mumbles some strange prayers to Beogh against you.
Beogh smites you!
Ouch! That really hurt!
You die...

#.....## ###.#.#
.......## ##.#.#.#
........####....#.#
........'.........#
........####.....####.#
.......## ##.#.......#
#.....## ####.######
##...## #.# ##+## #@#
#.# # #o# # #### #(# #
..# #o# # #.# #Z#
#####.#####.#
#(...(.Zo..(#
#.###.#######


You could see 2 orc priests and a jackal skeleton.

Vanquished Creatures
  3 gnolls (D:4)
  5 adders
  2 oozes
  An adder skeleton (D:4)
  2 worms
  2 dart slugs
  2 leopard geckos
  An orc (D:4)
  4 giant cockroaches
  8 hobgoblins
  6 jackals
  5 kobolds
  3 quokkas (D:2)
  2 ball pythons
  10 bats
  4 frilled lizards
  5 goblins
  9 rats
74 creatures vanquished.

Notes
Turn   | Place    | Note
-------+----------+-------------------------------------------
     0 | D:1      | KeyserSoze the Spriggan Assassin began the quest for the Orb.
     0 | D:1      | Reached XP level 1. HP: 10/10 MP: 2/2
    47 | D:1      | Reached skill level 6 in Stealth
   194 | D:1      | Reached XP level 2. HP: 3/14 MP: 3/3
   874 | D:1      | Reached skill level 7 in Stealth
  1322 | D:1      | Reached XP level 3. HP: 18/18 MP: 4/4
  2371 | D:2      | Found a radiant altar of Vehumet.
  2533 | D:2      | Reached XP level 4. HP: 21/23 MP: 5/5
  3640 | D:4      | Reached skill level 8 in Stealth
  3655 | D:4      | Found Tisaot's Armour Shoppe.
  3668 | D:4      | Bought a +1 cloak of poison resistance for 148 gold pieces
  3769 | D:4      | Found an opulent altar of Gozag.
  3837 | D:4      | Reached XP level 5. HP: 17/26 MP: 6/6
  4216 | D:4      | Killed from afar by an orc priest

Skill      XL: |  1  2  3  4 |
---------------+-------------+-----
Stealth        | 6 7 8 |  8.2
Dodging        | 2 |  2.7
Fighting       | 2 |  2.1
Short Blades   | 3 |  3.2
Throwing       | |  2.5

Action                   |  1- 3 |  4- 6 || total
-------------------------+-------+-------++-------
Melee: Dagger            |   112 |    88 ||   200
 Fire: Blowgun           |    30 |    27 ||    57
Throw: Tomahawk          |     9 |       ||     9
  Use: Scroll            |     4 |     2 ||     6
       Potion            |     4 |     1 ||     5
 Stab: Sleeping          |     9 |     8 ||    17
       Distracted        |       |     1 ||     1
Armor: Robe              |    17 |    13 ||    30
Dodge: Dodged            |    85 |    54 ||   139
Block: Buckler           |       |     2 ||     2
